 Dungeon Crawl Stone Soup version 0.28.0-47-ge53b351184 (webtiles) character file.

Game seed: 764944766242548

969 Iusername the Covered (level 7, -1/61 HPs)
             Began as a Minotaur Fighter on Apr 26, 2022.
             Was a Follower of Dithmenos.
             Succumbed to a scorpion's poison
             ... on level 5 of the Dungeon on Apr 27, 2022.
             The game lasted 00:10:48 (5790 turns).

Iusername the Covered (Minotaur Fighter)            Turns: 5790, Time: 00:10:48

Health: -1/61      AC:  7    Str: 21    XL:     7   Next: 94%
Magic:  6/6        EV: 10    Int:  7    God:    Dithmenos [*.....]
Gold:   193        SH:  4    Dex:  9    Spells: 6/6 levels left

rFire   . . .      SeeInvis .   p - +1 spear (pain)
rCold   . . .      Faith    .   c - +0 buckler
rNeg    . . .      Spirit   .   b - +0 scale mail
rPois   .          Reflect  .   (helmet restricted)
rElec   .          Harm     .   (no cloak)
rCorr   .          Rampage  .   (no gloves)
Will    .....                   (no boots)
Stlth   ..........              (no amulet)
HPRegen 0.20/turn               e - ring of flight
MPRegen 0.10/turn               (no ring)

@: lethally poisoned (-1 -> -11), flying, hasted, wreathed by umbra, very quick
A: horns 2, retaliatory headbutt
a: Renounce Religion


You were on level 5 of the Dungeon.
You worshipped Dithmenos.
Dithmenos was aware of your devotion.
You visited 2 branches of the dungeon, and saw 6 of its levels.

You collected 193 gold pieces.

Inventory:

Hand Weapons
 a - a +0 long sword
 p - a +1 spear of pain (weapon)
Armour
 b - a +0 scale mail (worn)
 c - a +0 buckler (worn)
 d - a +1 animal skin
 n - a +2 helmet
Jewellery
 e - a ring of flight (left hand)
Wands
 g - a wand of paralysis (14)
 h - a wand of flame (3) (quivered)
 k - a wand of polymorph (8)
 t - a wand of iceblast (8)
Scrolls
 i - a scroll of magic mapping
 l - a scroll of fog
 o - 2 scrolls of amnesia
 r - a scroll of immolation
 u - a scroll of teleportation {unknown}
 v - a scroll of blinking
Potions
 f - a potion of mutation {unknown}
 j - a potion of might
 m - a potion of heal wounds {unknown}
 s - a potion of flight {unknown}


   Skills:
 + Level 5.5 Fighting
 + Level 5.5 Long Blades
 + Level 4.1 Polearms
 + Level 6.5 Armour
 + Level 2.5 Dodging
 + Level 0.4 Stealth
 + Level 5.0 Shields
 + Level 0.6 Unarmed Combat
 + Level 0.3 Evocations


You had 6 spell levels left.
You didn't know any spells.
Your spell library contained the following spells:

 Spells                   Type           Power      Damage    Failure   Level
 Gell's Gravitas          Tloc           0%         N/A       99%         3
 Lesser Beckoning         Tloc           0%         N/A       99%         3
 Teleport Other           Tloc           0%         N/A       99%         3


Dungeon Overview and Level Annotations

Branches:
Dungeon (5/15)             Temple (1/1) D:4

Altars:
Ashenzari
Dithmenos
Fedhas
Gozag
Hepliaklqana
Kikubaaqudgha
Nemelex Xobeh
Qazlal
Sif Muna
Trog
Uskayaw
Vehumet
Wu Jian
Yredelemnul
Zin
The Shining One


Innate Abilities, Weirdness & Mutations

You have a pair of horns on your head.
You reflexively headbutt those who attack you in melee.


Message History

You barely miss the scorpion. You headbutt the scorpion.
The scorpion is severely wounded.
You feel very sick. The scorpion barely misses you.
Unknown command.
You are too injured to fight recklessly!
Unknown command.
You are too injured to fight recklessly!
Unknown command.
You are too injured to fight recklessly!
Unknown command.
You are too injured to fight recklessly!
Unknown command.
You are too injured to fight recklessly!
You closely miss the scorpion.
The scorpion is severely wounded.
You feel very sick. The scorpion stings you.
You are lethally poisoned!
The scorpion poisons you!
You hit the scorpion. Your headbutt misses the scorpion.
The scorpion is almost dead.
* * * LOW HITPOINT WARNING * * *
You feel very sick. The scorpion misses you.
You closely miss the scorpion. Your headbutt misses the scorpion.
The scorpion is almost dead.
* * * LOW HITPOINT WARNING * * *
You feel very sick. The scorpion stings you.
* * * LOW HITPOINT WARNING * * *
You hit the scorpion.
You kill the scorpion!
Dithmenos accepts your kill.
* * * LOW HITPOINT WARNING * * *
You feel very sick.
* * * LOW HITPOINT WARNING * * *
You feel very sick.
It was a potion of haste.
You feel yourself speed up.
You die...

##.....# .#
##..[..#### # .#
##.....###.# #.#
##.....###..# #.+
#.....###...+ #.#
#####'####....# ##.#
##.#.....#.....#
#..#
##..#.....#....#
#..###...'...).'@..#
#..##....#..)..#..##
...#.....#.....#.##
#..#÷...####'#####
##.'÷..###.....#
##.#.)###.....##
#..#.###.....##
#..####.....##
#..###.....##


There were no monsters in sight!

Vanquished Creatures
  Menkaure (D:4)
  A water moccasin (D:5)
  2 scorpions (D:5)
  A howler monkey (D:5)
  A bullfrog zombie (D:5)
  2 centaur skeletons (D:5)
  5 hounds (D:5)
  A jelly (D:5)
  2 iguanas (D:5)
  Terence (D:2)
  Robin (D:4)
  8 gnolls
  6 adders
  A worm (D:5)
  2 dart slugs (D:5)
  4 orcs (D:4)
  5 bats
  5 endoplasms
  5 giant cockroaches
  14 goblins
  10 hobgoblins
  2 jackals (D:4)
  6 quokkas
  12 ball pythons
  2 frilled lizards
  6 kobolds
  5 rats
111 creatures vanquished.

Notes
Turn   | Place    | Note
-------+----------+-------------------------------------------
     0 | D:1      | Iusername the Minotaur Fighter began the quest for the Orb.
     0 | D:1      | Reached XP level 1. HP: 19/19 MP: 0/0
   128 | D:1      | Reached XP level 2. HP: 16/27 MP: 1/1
   311 | D:1      | Reached skill level 4 in Armour
   575 | D:1      | Reached XP level 3. HP: 33/33 MP: 2/2
   802 | D:2      | Noticed Terence
   820 | D:2      | Killed Terence
   822 | D:2      | HP: 1/33 [kobold/+0 whip of flaming (2)]
  1419 | D:2      | Found a faded altar of an unknown god.
  1430 | D:2      | Reached XP level 4. HP: 35/41 MP: 3/3
  2708 | D:4      | Noticed Menkaure
  2718 | D:4      | Killed Menkaure
  2719 | D:4      | Reached skill level 5 in Armour
  2719 | D:4      | Reached skill level 1 in Dodging
  2719 | D:4      | Reached XP level 5. HP: 34/47 MP: 4/4
  2720 | D:4      | Noticed Robin
  2721 | D:4      | Found a staircase to the Ecumenical Temple.
  2734 | D:4      | Reached XP level 6. HP: 22/53 MP: 5/5
  2748 | D:4      | Killed Robin
  2766 | Temple   | Entered the Ecumenical Temple
  3089 | Temple   | Became a worshipper of Dithmenos the Shadowed
  3345 | D:4      | Reached skill level 5 in Long Blades
  3819 | D:4      | Found a broken altar of Ashenzari.
  4291 | D:5      | Entered Level 5 of the Dungeon
  4608 | D:5      | Reached skill level 1 in Polearms
  4612 | D:5      | Reached skill level 5 in Fighting
  4612 | D:5      | Reached skill level 6 in Armour
  4612 | D:5      | Reached XP level 7. HP: 42/61 MP: 6/6
  5217 | D:5      | Found a hazy altar of Hepliaklqana.
  5366 | D:5      | Reached * piety under Dithmenos
  5367 | D:5      | Reached skill level 5 in Shields
  5371 | D:5      | HP: 3/61 [poisoned by a water moccasin]
  5789 | D:5      | HP: 1/61 [poisoned by a scorpion]
  5790 | D:5      | Succumbed to a scorpion's poison

Illustrated notes

Levels and vault maps discovered:
D:1:      psy_arrival_terrarium, layout_rooms, minivault_5
D:2:      minmay_diamond_boxcup, layout_basic, shapermc_ecumenical_altar_venn,
          uniq_terence
D:3:      layout_loops_ring
D:4:      layout_basic, mainiacjoe_overflow_alcove_4,
          minmay_temple_entry_overgrown, kennysheep_generic_room_2, uniq_robin,
          uniq_menkaure
D:5:      layout_loops_ring, mainiacjoe_overflow_alcove_1, minmay_quadrilaterals
Temple:   minmay_temple_curvy_branch

Skill      XL: |  1  2  3  4  5  6  7 |
---------------+----------------------+-----
Fighting       | 4 5 |  5.5
Shields        | 4 5 |  5.0
Armour         | 4 5 6 |  6.5
Long Blades    | 3 4 5 |  5.5
Dodging        | 1 2 |  2.5
Polearms       | 1 4 |  4.1
Stealth        | |  0.4
Unarmed Combat | |  0.6
Evocations     | |  0.3

Action                   |  1- 3 |  4- 6 |  7- 9 || total
-------------------------+-------+-------+-------++-------
Melee: Long sword        |    50 |    96 |       ||   146
       Headbutt          |     6 |    28 |    16 ||    50
       Unarmed           |    17 |       |       ||    17
       Spear             |       |    60 |    87 ||   147
Evoke: Wand              |       |    12 |       ||    12
  Use: Potion            |       |     1 |     1 ||     2
       Scroll            |       |     4 |     1 ||     5
Armor: Scale mail        |    24 |    63 |    18 ||   105
       Skin              |     3 |       |       ||     3
Dodge: Dodged            |    31 |    83 |    36 ||   150
Block: Buckler           |    17 |    47 |    24 ||    88
